[Event "LEM Niedersachsen-B-Open 2025"]
[Site "Verden"]
[Date "2025.01.05"]
[Round "7.1"]
[White "Kraeuter, Paavo Alexander"]
[Black "Huth, Jarik"]
[Result "1-0"]
[ECO "E92"]
[WhiteElo "1886"]
[BlackElo "1814"]
[Annotator "NA RC"]
[PlyCount "76"]
[EventDate "2024.12.27"]
[EventType "swiss"]
[EventCountry "GER"]
[SourceTitle "playchess.com"]
[Source "ChessBase"]
[SourceQuality "1"]
[TimeControl "40/5400+30:1800+30"]

1. d4 Nf6 2. c4 g6 3. Nc3 Bg7 4. e4 d6 5. Nf3 O-O 6. Be2 e5 7. d5 a5 8. Bg5 h6 9. Be3 Ng4 {[%emt 0:00:08] E92: King's Indian: Classical: 6 Be2 e5: 7 dxe5, 7 Be3 and Petrosian System without 7...Nbd7.} 10. Bd2 f5 11. O-O Na6 12. exf5 Bxf5 13. g3 e4 14. Nh4 Ne5 15. Nxf5 gxf5 16. Bf4 Nc5 17. Qd2 Kh7 18. Kh1 Ncd3 (18... Qe7 $11 {should be considered.}) 19. Bxd3 Nxd3 20. Rab1 $11 Ne5 21. Bxe5 Bxe5 22. Ne2 Qg5 23. f4 exf3 24. Qxg5 hxg5 25. Rxf3 Kg6 26. b3 b6 27. Kg2 Rf7 28. h4 gxh4 29. gxh4 f4 30. Rh3 Kh5 31. Kf3 Rg8 32. Rg1 Rxg1 33. Nxg1 Bf6 34. Ne2 Bxh4 35. Nd4 Rf8 36. Ne6 Rf7 37. Rh1 Re7 38. Nxf4+ Kg5 1-0

[Event "LEM Niedersachsen-B-Open 2025"]
[Site "Verden"]
[Date "2025.01.05"]
[Round "7.2"]
[White "Berkenkamp, Matthis"]
[Black "Krneta, Slavko"]
[Result "1/2-1/2"]
[ECO "A03"]
[WhiteElo "1730"]
[BlackElo "1850"]
[Annotator "NA RC"]
[PlyCount "110"]
[EventDate "2024.12.27"]
[EventType "swiss"]
[EventCountry "GER"]
[SourceTitle "playchess.com"]
[Source "ChessBase"]
[SourceQuality "1"]
[TimeControl "40/5400+30:1800+30"]

1. f4 e6 2. Nf3 d5 3. b3 Nf6 4. Bb2 Nbd7 5. e3 c5 6. d3 {[%emt 0:00:19] A03: Bird's Opening with 1...d5.} b6 7. Nbd2 Bb7 8. Qe2 Qc7 9. g3 Bd6 10. Bg2 e5 11. fxe5 Nxe5 12. O-O-O O-O-O 13. Rde1 Rhe8 14. Nxe5 Bxe5 15. Nf3 Bxb2+ 16. Kxb2 Kb8 17. Kb1 d4 18. Qd2 dxe3 19. Rxe3 Ne4 20. Qe1 $15 (20. Qc1 $1 $11 {is superior.} Nc3+ 21. Kb2) 20... Nd6 21. Nh4 g6 22. Rf1 Rxe3 23. Qxe3 Re8 24. Qd2 f5 25. Re1 Re7 26. Bxb7 Kxb7 27. Nf3 Nb5 28. Re3 Nc3+ 29. Ka1 Nd5 30. Re2 Rxe2 31. Qxe2 Qe7 32. Qxe7+ Nxe7 33. Kb2 Kc6 34. c4 Kd6 35. Kc3 Nc6 36. d4 cxd4+ 37. Nxd4 Nxd4 38. Kxd4 g5 39. b4 a6 40. h3 h6 41. c5+ bxc5+ 42. bxc5+ Kc6 43. Ke5 f4 44. gxf4 gxf4 45. Kxf4 Kxc5 46. Kg4 Kb4 47. Kh5 Ka3 48. Kxh6 Kxa2 49. Kg6 Kb1 50. h4 a5 51. h5 a4 52. h6 a3 53. h7 a2 54. h8=Q a1=Q 55. Qxa1+ Kxa1 1/2-1/2

[Event "LEM Niedersachsen-B-Open 2025"]
[Site "Verden"]
[Date "2025.01.05"]
[Round "7.3"]
[White "Drews, Nicolas"]
[Black "Gburek, Juergen"]
[Result "1/2-1/2"]
[ECO "E09"]
[WhiteElo "1834"]
[BlackElo "1902"]
[Annotator "NA RC"]
[PlyCount "47"]
[EventDate "2024.12.27"]
[EventType "swiss"]
[EventCountry "GER"]
[SourceTitle "playchess.com"]
[Source "ChessBase"]
[SourceQuality "1"]
[TimeControl "40/5400+30:1800+30"]

1. d4 d5 2. c4 e6 3. Nf3 Nf6 4. g3 Be7 5. Bg2 O-O 6. O-O Nbd7 7. Qd3 c6 8. Nc3 Re8 9. e4 dxe4 10. Nxe4 Nxe4 11. Qxe4 Nf6 12. Qe2 $14 c5 13. Rd1 Qb6 14. Be3 Bd7 15. Ne5 Bc6 16. Nxc6 bxc6 17. Rd2 Rad8 18. Rad1 cxd4 19. Bxd4 c5 20. Bc3 Rxd2 21. Rxd2 Rd8 22. Rxd8+ Qxd8 23. Qd2 Qc7 24. Ba5 1/2-1/2

[Event "LEM Niedersachsen-B-Open 2025"]
[Site "Verden"]
[Date "2025.01.05"]
[Round "7.5"]
[White "Sammann, Anton"]
[Black "Nguyen, Laurentius"]
[Result "1-0"]
[ECO "C44"]
[WhiteElo "1771"]
[BlackElo "1795"]
[Annotator "NA RC"]
[PlyCount "69"]
[EventDate "2024.12.27"]
[EventType "swiss"]
[EventCountry "GER"]
[SourceTitle "playchess.com"]
[Source "ChessBase"]
[SourceQuality "1"]
[TimeControl "40/5400+30:1800+30"]

1. e4 e5 2. Nf3 Nc6 3. c3 d5 4. Qa4 Bd7 5. exd5 Nd4 6. Qd1 Nxf3+ 7. Qxf3 Nf6 8. Bc4 e4 9. Qe2 Bd6 10. d4 h6 11. h3 O-O 12. O-O Re8 13. Be3 Qc8 14. Nd2 Qd8 15. Rae1 b5 16. Bb3 Nh7 17. f3 exf3 18. Qxf3 Rf8 19. Ne4 Be7 20. Qh5 Bg5 21. Nxg5 Nxg5 22. h4 Nh7 23. Bxh6 gxh6 24. Qxh6 Kh8 25. d6 cxd6 26. Bxf7 Bc6 27. g4 Rxf7 28. Rxf7 Qg8 29. Qh5 Be8 30. Rxh7+ Qxh7 31. Rxe8+ Rxe8 32. Qxe8+ Kg7 33. Qe7+ Kg6 34. Qxh7+ Kxh7 35. Kg2 1-0

[Event "LEM Niedersachsen-B-Open 2025"]
[Site "Verden"]
[Date "2025.01.05"]
[Round "7.6"]
[White "Hengst, Ruediger"]
[Black "Nolte, Alexander Nicolai"]
[Result "0-1"]
[ECO "C02"]
[WhiteElo "1787"]
[BlackElo "1899"]
[Annotator "NA RC"]
[PlyCount "62"]
[EventDate "2024.12.27"]
[EventType "swiss"]
[EventCountry "GER"]
[SourceTitle "playchess.com"]
[Source "ChessBase"]
[SourceQuality "1"]
[TimeControl "40/5400+30:1800+30"]

1. e4 c5 2. c3 e6 3. d4 d5 4. e5 Bd7 5. Bd3 Qb6 6. Ne2 {[%emt 0:01:56] C02: French: Advance Variation.} Bb5 7. Bxb5+ Qxb5 8. O-O Nc6 9. a4 Qb6 10. Na3 cxd4 11. cxd4 Nge7 12. Nb5 ({Better is} 12. Bd2 $11) 12... Nf5 13. g4 a6 14. gxf5 axb5 15. fxe6 fxe6 16. Be3 bxa4 17. Rxa4 Rxa4 18. Qxa4 Qxb2 19. Nf4 $16 Kf7 20. Qa8 Nxd4 21. Rc1 Nc6 22. Qc8 Qxe5 23. Qxb7+ Ne7 24. Rc7 h5 25. Qa7 h4 26. h3 Rh6 27. Qb8 Qf5 28. Kh2 Qe4 29. Nxd5 Qxd5 30. Bxh6 gxh6 31. Qb1 Qe5+ 0-1

[Event "LEM Niedersachsen-B-Open 2025"]
[Site "Verden"]
[Date "2025.01.05"]
[Round "7.7"]
[White "Amrhein, Dennis"]
[Black "Baum, Luis"]
[Result "1/2-1/2"]
[ECO "D10"]
[WhiteElo "1753"]
[BlackElo "1789"]
[Annotator "NA RC"]
[PlyCount "99"]
[EventDate "2024.12.27"]
[EventType "swiss"]
[EventCountry "GER"]
[SourceTitle "playchess.com"]
[Source "ChessBase"]
[SourceQuality "1"]
[TimeControl "40/5400+30:1800+30"]

1. d4 Nf6 2. Bf4 d5 3. e3 Bf5 4. c4 c6 5. Qb3 Qb6 6. c5 Qxb3 7. axb3 Nbd7 8. h3 Ne4 9. f3 Nexc5 10. dxc5 e5 11. Bg3 Bxc5 12. Bf2 Bb4+ 13. Nc3 O-O 14. O-O-O Rac8 15. e4 Be6 16. Na2 Be7 17. Bd3 d4 18. Bc4 Nc5 19. Bxe6 Nxe6 20. Kc2 c5 21. Ne2 c4 22. bxc4 Rxc4+ 23. Kb1 Rfc8 24. Rc1 Bg5 25. Rxc4 Rxc4 26. Nac1 Nc5 27. Rd1 Be7 28. Be1 Ne6 29. Nd3 f6 30. Rc1 b5 31. b3 Rxc1+ 32. Kxc1 Nd8 33. Bb4 Bxb4 34. Nxb4 a5 35. Nd3 Nc6 36. f4 Kf7 37. f5 g6 38. g4 Kg7 39. h4 Kf7 40. Ng3 h6 41. h5 g5 42. Kb2 Ke7 43. Nf1 Kd6 44. Ka3 Kc7 45. Nd2 Kb6 46. b4 Kc7 47. bxa5 Nxa5 48. Kb4 Kb6 49. Nb3 Nc4 50. Nf2 1/2-1/2

[Event "LEM Niedersachsen-B-Open 2025"]
[Site "Verden"]
[Date "2025.01.05"]
[Round "7.8"]
[White "Tanukusuma, Kyllian Gotthold"]
[Black "Balazs, Kata"]
[Result "1/2-1/2"]
[ECO "B01"]
[WhiteElo "1639"]
[BlackElo "1824"]
[Annotator "NA RC"]
[PlyCount "81"]
[EventDate "2024.12.27"]
[EventType "swiss"]
[EventCountry "GER"]
[SourceTitle "playchess.com"]
[Source "ChessBase"]
[SourceQuality "1"]
[TimeControl "40/5400+30:1800+30"]

1. e4 d5 2. exd5 Qxd5 3. Nc3 Qa5 4. d4 Nf6 5. Nf3 Bg4 6. Bc4 Nc6 {[%emt 0:01:27] 6...Nc6 is better than 6...e6.} 7. h3 Bh5 {[%emt 0:01:40] B01: Scandinavian Defence.} 8. Bd2 Nxd4 9. Nb5 $146 ({Predecessor:} 9. g4 Nxf3+ 10. Qxf3 Qb4 11. Bb3 Bg6 12. a3 Be4 13. Qxe4 Qxe4+ 14. Nxe4 Nxe4 15. Bd5 Nxd2 16. Bxb7 {0-1 Alberts,B-Hornstein,L (1323) Verden op-B 2023 (6)}) 9... Nxf3+ 10. gxf3 Qb6 11. Bf4 Rc8 {[%emt 0:06:59] [#]} 12. Nxc7+ $16 Rxc7 13. Bxc7 Qxc7 14. Bb5+ Nd7 15. Qd5 Bxf3 16. Bxd7+ Qxd7 17. Qxf3 Qe6+ 18. Qe2 Qxe2+ 19. Kxe2 g6 20. Rad1 Bg7 21. Rd3 Be5 22. Rhd1 Bd6 23. c4 O-O 24. a3 Rc8 25. Rd4 a5 26. b4 axb4 27. axb4 b6 28. b5 Kg7 29. f4 Bc5 30. Rd8 Rxd8 31. Rxd8 Kf6 32. Kf3 Ke6 33. Ke4 h5 34. Rd5 Bd6 35. h4 f5+ 36. Kf3 Bb4 37. Rd8 Bd6 38. Kg3 Bb4 39. Rb8 Bc5 40. Kf3 Bd4 41. Ke2 1/2-1/2

[Event "LEM Niedersachsen-B-Open 2025"]
[Site "Verden"]
[Date "2025.01.05"]
[Round "7.10"]
[White "Sturm, Tobias"]
[Black "Nordhorn, Horst"]
[Result "1-0"]
[ECO "B12"]
[WhiteElo "1929"]
[BlackElo "1791"]
[Annotator "RC"]
[PlyCount "51"]
[EventDate "2024.12.27"]
[EventType "swiss"]
[EventCountry "GER"]
[SourceTitle "playchess.com"]
[Source "ChessBase"]
[SourceQuality "1"]
[TimeControl "40/5400+30:1800+30"]

1. e4 c6 2. d4 d5 3. e5 Bf5 4. Ne2 e6 5. Ng3 Bg6 6. h4 f6 7. exf6 Nxf6 8. h5 Bf7 9. Bd3 Bd6 10. f4 Qc7 11. O-O Nbd7 12. Qf3 O-O-O 13. c4 Qb8 14. Bd2 Rhf8 15. Ba5 Rde8 16. Nc3 Bxf4 17. Qxf4 Qxf4 18. Rxf4 Nxh5 19. Nxh5 Bxh5 20. Raf1 Rxf4 21. Rxf4 dxc4 22. Bxc4 e5 23. Rh4 Bg6 24. Ne4 Kb8 25. Nd6 Rf8 26. Bc3 1-0

[Event "LEM Niedersachsen-B-Open 2025"]
[Site "Verden"]
[Date "2025.01.05"]
[Round "7.14"]
[White "Elbert, Andre"]
[Black "Baum, Ferdinand"]
[Result "1-0"]
[ECO "C30"]
[WhiteElo "1817"]
[BlackElo "1626"]
[Annotator "NA RC"]
[PlyCount "105"]
[EventDate "2024.12.27"]
[EventType "swiss"]
[EventCountry "GER"]
[SourceTitle "playchess.com"]
[Source "ChessBase"]
[SourceQuality "1"]
[TimeControl "40/5400+30:1800+30"]

1. e4 e5 2. f4 d6 3. Nf3 Nc6 4. Bc4 Nf6 5. Nc3 Bg4 6. Bb5 a6 7. Bxc6+ bxc6 8. h3 Bxf3 9. Qxf3 exf4 10. d4 d5 11. Bxf4 Bb4 12. O-O-O dxe4 13. Nxe4 Nd5 {[%emt 0:00:00] [#]} 14. c3 (14. Qg3 $142 $1 Qe7 15. Qxg7) 14... Nxf4 15. Qxf4 Be7 16. g4 h6 $16 (16... O-O $14) 17. Kc2 O-O 18. Rhg1 Bg5 19. Nxg5 Qxg5 20. Qxg5 hxg5 21. Rde1 Rfe8 22. Kd3 f6 23. b4 Kf7 24. Kc4 Rad8 25. Kc5 Rd6 26. Rxe8 Kxe8 27. Re1+ Kd7 28. a4 g6 29. c4 f5 30. gxf5 gxf5 31. Re5 Rf6 32. b5 cxb5 33. cxb5 axb5 34. Kxb5 g4 35. hxg4 fxg4 36. Rg5 Rf4 37. Kc5 Ke6 38. a5 Rf5+ 39. d5+ Kf6 40. Rxg4 Ke5 41. Rg1 Rf2 42. Re1+ Kf6 43. Ra1 Rc2+ 44. Kb4 Rb2+ 45. Kc3 Rb7 46. Kd4 Ke7 47. Kc5 Kd7 48. a6 Ra7 49. Ra2 Kc8 50. Kc6 Kd8 51. d6 Kc8 52. d7+ Kd8 53. Ra3 1-0

[Event "LEM Niedersachsen-B-Open 2025"]
[Site "Verden"]
[Date "2025.01.05"]
[Round "7.15"]
[White "Fels, Mattis"]
[Black "Rohde, Bjoern"]
[Result "0-1"]
[ECO "D00"]
[WhiteElo "1742"]
[BlackElo "1939"]
[Annotator "NA RC"]
[PlyCount "86"]
[EventDate "2024.12.27"]
[EventType "swiss"]
[EventCountry "GER"]
[SourceTitle "playchess.com"]
[Source "ChessBase"]
[SourceQuality "1"]
[TimeControl "40/5400+30:1800+30"]

1. d4 d5 2. Nc3 e6 3. Bf4 c5 4. e3 Qb6 5. Nb5 Na6 6. Nf3 {[%emt 0:00:38] D00: 1 d4 d5: Unusual lines.} Bd7 7. a4 c4 8. e4 Bxb5 9. axb5 Qxb5 10. exd5 Qxd5 11. Be2 Bb4+ 12. c3 Bd6 13. Qa4+ b5 14. Qxa6 Bxf4 15. O-O Qd7 $2 {[%emt 0:08:48] [#]} (15... Rb8 $16) 16. Rfd1 $2 ({White must play} 16. g3 $1 $18 Bc7 17. Ne5 Bxe5 18. Bf3 (18. dxe5 Ne7 $14)) 16... Rb8 17. Ne5 Bxe5 18. dxe5 Qb7 $2 (18... Qc7 $16) 19. Qxa7 Qxa7 $16 20. Rxa7 Nh6 21. Rdd7 O-O 22. Bf3 b4 23. Rdb7 bxc3 24. bxc3 g6 25. Rxb8 Rxb8 26. Ra8 Rxa8 27. Bxa8 Ng4 28. f4 Ne3 29. Bf3 Nd5 30. Bxd5 exd5 31. Kf2 Kf8 32. Ke3 Ke7 33. Kd4 Ke6 34. g4 h5 35. h3 h4 36. Kc5 g5 37. f5+ Kxe5 38. f6 Ke6 39. Kd4 Kd6 40. Ke3 Ke5 41. Ke2 Ke4 42. Kf2 Kd3 43. Ke1 Kxc3 0-1

[Event "LEM Niedersachsen-B-Open 2025"]
[Site "Verden"]
[Date "2025.01.05"]
[Round "7.16"]
[White "Brockmeyer, Tobias"]
[Black "Grabowski, Petra"]
[Result "1/2-1/2"]
[ECO "A14"]
[WhiteElo "1942"]
[BlackElo "1766"]
[Annotator "NA RC"]
[PlyCount "30"]
[EventDate "2024.12.27"]
[EventType "swiss"]
[EventCountry "GER"]
[SourceTitle "playchess.com"]
[Source "ChessBase"]
[SourceQuality "1"]
[TimeControl "40/5400+30:1800+30"]

1. Nf3 Nf6 2. g3 e6 3. Bg2 d5 4. c4 Be7 5. b3 c5 6. O-O b6 7. Bb2 Bb7 8. e3 O-O 9. Nc3 Nbd7 10. Nh4 Ne4 11. Nf3 Bf6 12. Qc2 Nxc3 13. Bxc3 dxc4 14. bxc4 Bxc3 15. Qxc3 Qf6 1/2-1/2

[Event "LEM Niedersachsen-B-Open 2025"]
[Site "Verden"]
[Date "2025.01.05"]
[Round "7.17"]
[White "Hapke, Thorsten"]
[Black "Buetow, Ingo"]
[Result "1/2-1/2"]
[ECO "A29"]
[WhiteElo "1727"]
[BlackElo "1814"]
[Annotator "NA RC"]
[PlyCount "74"]
[EventDate "2024.12.27"]
[EventType "swiss"]
[EventCountry "GER"]
[SourceTitle "playchess.com"]
[Source "ChessBase"]
[SourceQuality "1"]
[TimeControl "40/5400+30:1800+30"]

1. c4 e5 2. g3 Nf6 3. Bg2 Nc6 4. Nc3 Bc5 5. Nf3 d6 6. O-O O-O {[%emt 0:00:19] 6...a6 injects fresh life into this line.} 7. a3 Ne7 $146 {[%emt 0:00:29] A29: English Opening: Four Knights Variation with 4 g3.} ({Predecessor:} 7... a6 8. e3 Bf5 9. d4 Ba7 10. h3 h6 11. b4 Re8 12. g4 Bh7 13. dxe5 dxe5 14. c5 e4 15. Nd4 Nxd4 16. exd4 {½-½ Savchenko,B (2550)-Afanasiev,N (2569) RUS-ch Rapid 2022 (9)}) 8. b4 Bb6 9. e3 c6 10. d3 Ng6 11. a4 a6 12. Bb2 Bg4 13. h3 Bd7 14. Qb3 Re8 15. b5 Ba5 16. Qa3 axb5 17. cxb5 Bxc3 18. Qxc3 cxb5 19. axb5 Bxb5 20. Nd2 Ba6 21. Rfd1 Rc8 22. Qb3 Qd7 23. Nc4 Qe6 24. Qb6 d5 25. Qxe6 Rxe6 26. Na3 Rb6 27. Rab1 Rb3 28. Bf1 Kf8 29. f4 $17 (29. Bxe5 $1 $11 Rxb1 30. Bd6+ Kg8 31. Nxb1 (31. Rxb1 Rc6 $11)) 29... Nd7 30. e4 exf4 31. Bxg7+ Kxg7 32. Rxb3 fxg3 33. Kg2 h5 34. Kxg3 h4+ 35. Kh2 Nf4 36. exd5 Nxd5 37. Nc4 b5 1/2-1/2

[Event "LEM Niedersachsen-B-Open 2025"]
[Site "Verden"]
[Date "2025.01.05"]
[Round "7.18"]
[White "Stelter, Finja"]
[Black "Wernke-Schmiesing, Sebastian"]
[Result "0-1"]
[ECO "B12"]
[WhiteElo "1711"]
[BlackElo "1806"]
[Annotator "NA RC"]
[PlyCount "82"]
[EventDate "2024.12.27"]
[EventType "swiss"]
[EventCountry "GER"]
[SourceTitle "playchess.com"]
[Source "ChessBase"]
[SourceQuality "1"]
[TimeControl "40/5400+30:1800+30"]

1. e4 c6 2. d4 d5 3. e5 c5 4. dxc5 e6 5. a3 Bxc5 6. b4 Bb6 7. Nf3 Nd7 8. Bb2 Nh6 9. Bb5 Bxf2+ 10. Kxf2 Qb6+ 11. Nd4 Nf5 12. Re1 a5 13. Kf1 O-O 14. bxa5 Rxa5 15. a4 Nh4 16. Nb3 Ra8 17. Bd4 Qc7 18. N1d2 f6 19. Qg4 fxe5+ 20. Kg1 Nf5 21. Bxd7 Nxd4 22. Nxd4 Bxd7 23. Nxe6 Qb6+ 24. Kh1 Bxe6 25. Qh4 e4 26. Ra3 Qb4 27. Nb1 Qc4 28. Kg1 Qxc2 29. Rc3 Qxa4 30. Rc7 Qd4+ 31. Kh1 Qf6 32. Qxf6 Rxf6 33. Rxb7 Raf8 34. Kg1 e3 35. Nc3 d4 36. Ne4 Rf4 37. Nc5 Bc4 38. Rbb1 Rf2 39. Ne4 Bd5 40. Ng3 Rxg2+ 41. Kh1 Rxg3# 0-1

[Event "LEM Niedersachsen-B-Open 2025"]
[Site "Verden"]
[Date "2025.01.05"]
[Round "7.19"]
[White "Messow, Adrian"]
[Black "Leppert, Hans-Juergen"]
[Result "1-0"]
[ECO "C04"]
[WhiteElo "1686"]
[BlackElo "1794"]
[Annotator "NA RC"]
[PlyCount "36"]
[EventDate "2024.12.27"]
[EventType "swiss"]
[EventCountry "GER"]
[SourceTitle "playchess.com"]
[Source "ChessBase"]
[SourceQuality "1"]
[TimeControl "40/5400+30:1800+30"]

1. e4 e6 2. d4 d5 3. Nd2 Nc6 4. Ngf3 Nf6 5. e5 Nd7 6. Bd3 f6 7. Qe2 fxe5 8. dxe5 Be7 9. O-O O-O 10. c4 Nb4 11. Bb1 dxc4 12. Nxc4 Nd5 13. Nd4 N7b6 14. Qh5 g6 15. Bxg6 hxg6 16. Qxg6+ Kh8 17. Bh6 Rg8 18. Qh5 Nxc4 1-0

[Event "LEM Niedersachsen-B-Open 2025"]
[Site "Verden"]
[Date "2025.01.05"]
[Round "7.20"]
[White "Gross, Daniel"]
[Black "Ramme, Georg"]
[Result "1/2-1/2"]
[ECO "A14"]
[WhiteElo "2178"]
[BlackElo "1741"]
[Annotator "TA"]
[PlyCount "46"]
[EventDate "2024.12.27"]
[EventType "swiss"]
[EventCountry "GER"]
[SourceTitle "playchess.com"]
[Source "ChessBase"]
[SourceQuality "1"]
[TimeControl "40/5400+30:1800+30"]

1. c4 Nf6 2. g3 e6 3. Bg2 d5 4. Nf3 Be7 5. O-O O-O 6. b3 Nbd7 7. Bb2 c6 8. e3 Qb6 9. Na3 (9. Qc2 $14) 9... Rd8 10. cxd5 exd5 11. d4 Ne4 12. Nd2 f5 13. f3 Nxd2 14. Qxd2 Nf6 15. Nc2 Re8 16. Rae1 Bd6 17. Kh1 Qc7 18. Re2 Bd7 19. Rfe1 Re7 20. Ba3 Bxa3 21. Nxa3 Rae8 22. Nb1 Bc8 23. Nc3 Qa5 1/2-1/2

[Event "LEM Niedersachsen-B-Open 2025"]
[Site "Verden"]
[Date "2025.01.05"]
[Round "7.21"]
[White "Frowein, Ernst Holger"]
[Black "Remizov, Kyryl"]
[Result "0-1"]
[ECO "B15"]
[WhiteElo "1853"]
[BlackElo "1690"]
[Annotator "NA RC"]
[PlyCount "102"]
[EventDate "2024.12.27"]
[EventType "swiss"]
[EventCountry "GER"]
[SourceTitle "playchess.com"]
[Source "ChessBase"]
[SourceQuality "1"]
[TimeControl "40/5400+30:1800+30"]

1. e4 c6 2. d4 d5 3. Nc3 dxe4 4. Nxe4 Nf6 5. Nxf6+ exf6 6. c3 Bd6 7. Nf3 {[%emt 0:00:58] B15: Caro-Kann: 3 Nc3: 3...g6 and 3...dxe4 4 Nxe4 Nf6 5 Nxf6+ exf6.} O-O 8. Be2 Bg4 9. O-O Nd7 10. h3 Be6 11. c4 Qc7 12. d5 Bf5 13. Bd3 Bxd3 14. Qxd3 cxd5 15. Rd1 Ne5 16. Nxe5 Bxe5 17. cxd5 Rfd8 18. f4 Bxf4 19. Bxf4 Qxf4 20. Rac1 Qd6 21. Qb5 Qb6+ 22. Qxb6 axb6 23. d6 Rd7 24. Rc7 Rad8 $11 25. Rdc1 g6 26. b4 f5 27. Re1 Rxc7 28. dxc7 Rc8 29. Rc1 Kf8 30. a4 Ke7 31. a5 bxa5 32. b5 b6 33. Rc6 a4 34. Rxb6 Rxc7 35. Ra6 Rb7 36. b6 Kf6 37. Rxa4 Rxb6 38. Rh4 h5 39. Rc4 g5 40. h4 g4 41. g3 Rb3 42. Kf2 Rf3+ 43. Kg2 f4 44. Rc6+ Kg7 45. gxf4 Rxf4 46. Rc5 Kh6 47. Rc3 Kg6 48. Kg3 Rf3+ 49. Rxf3 gxf3 50. Kxf3 Kf5 51. Kg3 Ke4 0-1

[Event "LEM Niedersachsen-B-Open 2025"]
[Site "Verden"]
[Date "2025.01.05"]
[Round "7.22"]
[White "Stammschroer, Manfred"]
[Black "Junge, Julia Marie"]
[Result "1/2-1/2"]
[ECO "C36"]
[WhiteElo "1834"]
[BlackElo "1663"]
[Annotator "NA RC"]
[PlyCount "29"]
[EventDate "2024.12.27"]
[EventType "swiss"]
[EventCountry "GER"]
[SourceTitle "playchess.com"]
[Source "ChessBase"]
[SourceQuality "1"]
[TimeControl "40/5400+30:1800+30"]

1. e4 e5 2. f4 d5 3. exd5 exf4 4. Nf3 Nf6 5. c4 Bd6 6. Be2 O-O 7. O-O c6 8. dxc6 Nxc6 9. d4 b6 10. Nc3 a6 11. a3 Ne7 12. Bd3 Qc7 13. Ne2 Nf5 14. Bxf5 Bxf5 15. b3 1/2-1/2

[Event "LEM Niedersachsen-B-Open 2025"]
[Site "Verden"]
[Date "2025.01.05"]
[Round "7.23"]
[White "Kesselhut, Pascal"]
[Black "Tenninger, Joerg"]
[Result "1-0"]
[ECO "B40"]
[WhiteElo "1764"]
[BlackElo "1693"]
[Annotator "NA RC"]
[PlyCount "25"]
[EventDate "2024.12.27"]
[EventType "swiss"]
[EventCountry "GER"]
[SourceTitle "playchess.com"]
[Source "ChessBase"]
[SourceQuality "1"]
[TimeControl "40/5400+30:1800+30"]

1. e4 e6 2. b3 c5 3. Nf3 Nc6 4. d4 Qb6 5. d5 Nd4 6. Bb2 Nxf3+ 7. Qxf3 Ne7 8. Nd2 d6 9. O-O-O e5 10. Nc4 Qc7 11. Be2 a5 12. Nxe5 Nxd5 13. Bb5+ 1-0

[Event "LEM Niedersachsen-B-Open 2025"]
[Site "Verden"]
[Date "2025.01.05"]
[Round "7.24"]
[White "Bartel, Reinhard"]
[Black "Frese, Immo"]
[Result "1/2-1/2"]
[ECO "E14"]
[WhiteElo "1673"]
[BlackElo "1756"]
[Annotator "NA RC"]
[PlyCount "100"]
[EventDate "2024.12.27"]
[EventType "swiss"]
[EventCountry "GER"]
[SourceTitle "playchess.com"]
[Source "ChessBase"]
[SourceQuality "1"]
[TimeControl "40/5400+30:1800+30"]

1. d4 d5 2. c4 e6 3. Nf3 Nf6 4. e3 Nbd7 5. Nc3 Be7 6. b3 O-O 7. Bb2 b6 8. cxd5 exd5 9. Rc1 Bb7 10. Bd3 Rc8 11. O-O c5 12. Bf5 g6 13. Bh3 a6 14. Ne5 Rc7 15. Nxd7 Nxd7 16. Na4 f5 17. dxc5 b5 18. c6 Nb8 19. cxb7 Rxc1 20. Qxc1 bxa4 21. Rd1 Qd7 22. e4 Qxb7 23. exd5 axb3 24. d6 Bf6 25. Qc4+ Qf7 26. Qxf7+ Kxf7 27. Bxf6 Kxf6 28. axb3 Rd8 29. g4 fxg4 30. Bxg4 Nd7 31. f4 Nc5 32. b4 Ne6 33. Be2 Nxf4 34. Bxa6 Ke6 35. Bc4+ Kd7 36. Bb5+ Ke6 37. d7 Nh5 38. Re1+ Kd6 39. Re8 Kc7 40. Kf2 Nf6 41. Rxd8 Kxd8 42. Kf3 Nd5 43. Ke4 Nxb4 44. Ke5 Nc2 45. Kf6 Nd4 46. Ba4 Nf3 47. h3 Ng1 48. h4 Nf3 49. h5 gxh5 50. Bd1 Kxd7 1/2-1/2

[Event "LEM Niedersachsen-B-Open 2025"]
[Site "Verden"]
[Date "2025.01.05"]
[Round "7.25"]
[White "Laun, Kurt"]
[Black "Golke, Philipp"]
[Result "1-0"]
[ECO "A50"]
[WhiteElo "1673"]
[BlackElo "1728"]
[Annotator "NA RC"]
[PlyCount "81"]
[EventDate "2024.12.27"]
[EventType "swiss"]
[EventCountry "GER"]
[SourceTitle "playchess.com"]
[Source "ChessBase"]
[SourceQuality "1"]
[TimeControl "40/5400+30:1800+30"]

1. c4 Nf6 2. Nc3 e6 3. Nf3 b6 4. e4 d6 5. d4 Nbd7 6. Be2 Bb7 7. Qc2 Be7 8. O-O c5 9. d5 e5 10. a3 a6 11. Rb1 Qc7 12. Bg5 h6 13. Bd2 g5 14. h3 O-O-O 15. Nh2 Rdg8 16. Nd1 Qd8 17. Ne3 h5 18. Nf5 g4 19. h4 Ne8 20. g3 Ng7 21. Nxe7+ Qxe7 22. b4 Rf8 23. Bd3 f5 24. exf5 Qf6 25. Bg5 Qf7 26. bxc5 dxc5 27. f6 Nxf6 28. Rxb6 Nd7 29. Rb2 Nf5 30. Bxf5 Qxf5 31. Qe2 e4 32. Rfb1 Ba8 33. Nf1 Ne5 34. Ne3 Nf3+ 35. Kh1 Qe5 36. Ng2 Rfg8 37. Bf4 Qc3 38. Qxe4 Nd4 39. Rb8+ Kd7 40. Rxg8 Rxg8 41. Qh7+ 1-0

[Event "LEM Niedersachsen-B-Open 2025"]
[Site "Verden"]
[Date "2025.01.05"]
[Round "7.26"]
[White "Kurzova, Marianna"]
[Black "Warns, Harald"]
[Result "1-0"]
[ECO "B03"]
[WhiteElo "1654"]
[BlackElo "1727"]
[Annotator "NA RC"]
[PlyCount "47"]
[EventDate "2024.12.27"]
[EventType "swiss"]
[EventCountry "GER"]
[SourceTitle "playchess.com"]
[Source "ChessBase"]
[SourceQuality "1"]
[TimeControl "40/5400+30:1800+30"]

1. e4 Nf6 2. e5 Nd5 3. c4 Nb6 4. d4 d6 5. exd6 exd6 6. d5 Be7 7. h3 Bf6 8. Qc2 g6 9. Nf3 Bf5 10. Bd3 Qe7+ 11. Be3 Bxd3 12. Qxd3 Bxb2 13. O-O N8d7 14. Nc3 Bxa1 15. Rxa1 Ne5 16. Nxe5 dxe5 17. c5 Nc8 18. Qb5+ c6 19. dxc6 b6 20. cxb6 Nxb6 21. Bxb6 Rc8 22. Nd5 Qd6 23. c7+ Kf8 24. Bc5 1-0

[Event "LEM Niedersachsen-B-Open 2025"]
[Site "Verden"]
[Date "2025.01.05"]
[Round "7.29"]
[White "Grunwald, Hannes Leon"]
[Black "Zhang, Jiahui"]
[Result "1-0"]
[ECO "B13"]
[WhiteElo "1702"]
[BlackElo "1519"]
[Annotator "NA RC"]
[PlyCount "67"]
[EventDate "2024.12.27"]
[EventType "swiss"]
[EventCountry "GER"]
[SourceTitle "playchess.com"]
[Source "ChessBase"]
[SourceQuality "1"]
[TimeControl "40/5400+30:1800+30"]

1. e4 c6 2. d4 d5 3. exd5 cxd5 4. Bd3 Nc6 5. c3 Nf6 6. Bf4 e6 7. Nf3 Bd6 8. Bxd6 Qxd6 9. O-O O-O 10. Re1 Re8 11. Ne5 Nd7 12. Bxh7+ Kf8 13. Nxd7+ Bxd7 14. Bc2 Ke7 15. Nd2 Rh8 16. h3 Rag8 17. Nf3 f6 18. c4 Kd8 19. cxd5 exd5 20. Kf1 g5 21. Qd3 g4 22. hxg4 Bxg4 23. Ba4 Rh1+ 24. Ke2 Re8+ 25. Kd2 Qf4+ 26. Kc3 Bf5 27. Rxe8+ Kxe8 28. Qe2+ Kd7 29. Bxc6+ bxc6 30. Rxh1 Qc7 31. b4 a5 32. a3 axb4+ 33. axb4 Qa7 34. Kb3 1-0